 Dungeon Crawl Stone Soup version 0.25.0-9-g26727b657a (webtiles) character file.

Game seed: 14790064030703321362

1239 ukdrifter the Ducker (level 8, 0/78 HPs)
             Began as a Troll Fighter on June 19, 2020.
             Slain by a black bear (5 damage)
             ... on level 8 of the Dungeon.
             The game lasted 01:20:02 (3109 turns).

ukdrifter the Ducker (Troll Fighter)                Turns: 3109, Time: 01:20:03

Health: 0/78       AC:  6    Str: 32    XL:     8   Next: 25%
Magic:  7/7        EV:  9    Int:  4    God:
Gold:   218        SH: 10    Dex: 10    Spells: 6/7 levels left

rFire    + . .     SeeInvis .   x - +1 dagger (drain)
rCold    + . .     Gourm    +   c - +0 kite shield
rNeg     . . .     Faith    .   b - +0 robe
rPois    +         Spirit   .   (helmet restricted)
rElec    .         Reflect  .   n - scarf {rC+ rF+}
rCorr    .         Harm     .   (gloves unavailable)
MR       .....                  (boots unavailable)
Stlth    ++........             d - amulet of the acrobat
HPRegen  0.63/turn              j - +6 ring of strength
MPRegen  0.10/turn              (no ring)

@: mighty, lethally poisoned (0 -> -2), flying
A: large, unfitting armour, claws 3, horns 1, deterioration 1, fast metabolism
3, gourmand, poison resistance, regeneration 1, shaggy fur 1, tough skin 3
a: no special abilities


You were on level 8 of the Dungeon.
You were not hungry.

You visited 2 branches of the dungeon, and saw 9 of its levels.

You collected 218 gold pieces.

Inventory:

Hand Weapons
 a - a +0 trident
 i - a +0 war axe
 m - a +0 spear
 r - a +0 dagger
 t - a +0 hunting sling
 u - a +0 short sword
 x - a +1 dagger of draining (weapon)
 I - a +0 spear
 M - a +0 long sword
 N - a +0 broad axe
Missiles
 g - 18 bolts
 s - 38 arrows
 H - 28 sling bullets
 K - a javelin (quivered)
Armour
 b - a +0 robe (worn)
 c - a +0 kite shield (worn)
 n - a scarf of resistance (worn)
 A - a +0 robe
 J - a +0 pair of boots
Jewellery
 d - an amulet of the acrobat (around neck)
 e - an uncursed amulet of regeneration
 j - a +6 ring of strength (left claw)
Wands
 F - a wand of polymorph (11)
Scrolls
 h - a scroll of fog
 p - a scroll of remove curse
 E - 3 scrolls of amnesia
 L - a scroll of magic mapping
Potions
 l - a potion of flight
 w - 2 potions of lignification
 C - a potion of magic
 G - 2 potions of mutation
Comestibles
 f - 7 rations


   Skills:
 + Level 3.7 Fighting
 + Level 4.4 Short Blades
 + Level 2.1 Polearms
 + Level 1.3 Throwing
 + Level 4.4 Dodging
 + Level 1.6 Stealth
 + Level 4.2 Shields


You had 6 spell levels left.
You knew the following spells:

 Your Spells              Type           Power        Failure   Level  Hunger
a - Summon Small Mammal   Summ           #...         85%         1    ##.....

Your spell library contained the following spells:

 Spells                   Type           Power        Failure   Level  Hunger
 Call Imp                 Summ           #.......     94%         2    ###....
 Call Canine Familiar     Summ           #.......     99%         3    ####...
 Summon Guardian Golem    Hex/Summ       #.......     99%         3    ####...
 Summon Ice Beast         Ice/Summ       #.......     100%        4    #####..
 Summon Lightning Spire   Summ/Air       #.......     100%        4    #####..


Dungeon Overview and Level Annotations

Branches:
Dungeon (8/15)             Temple (1/1) D:4
   Lair: D:8-11

Altars:
Ashenzari
Cheibriados
Elyvilon
Fedhas
Gozag
Hepliaklqana
Kikubaaqudgha
Makhleb
Okawaru
Ru
Uskayaw
Vehumet
Wu Jian
Xom
Yredelemnul
Zin
The Shining One

Annotations:
D:8 Psyche


Innate Abilities, Weirdness & Mutations

You are too large for most types of armour.
You have claws for hands.
Your metabolism is lightning-fast.
You like to eat raw meat.
Your natural rate of healing is unusually fast.
You are covered in fur. (AC +1)
You have extremely tough skin. (AC +3)
You have a pair of small horns on your head.
Your body sometimes deteriorates upon taking damage.
Your system is resistant to poisons. (rPois)


Message History

Psyche laughs secretively.
Psyche closely misses you. The black bear bites you.
* * * LOW HITPOINT WARNING * * *
The black bear claws you.
* * * LOW HITPOINT WARNING * * *
The black bear claws you.
* * * LOW HITPOINT WARNING * * *
The orc wizard casts a spell.
The orc wizard blinks!
Okay, then.
You feel more buoyant.
You feel sick. The bullfrog hits you.
* * * LOW HITPOINT WARNING * * *
Psyche casts a spell at you. You block the puff of frost.
The bullfrog barely misses you.
Psyche hits you with a +2 dagger of chaos.
* * * LOW HITPOINT WARNING * * *
You feel very mighty all of a sudden. The black bear bites you.
You die...

# #.##+#
#...§§
#...§h##
+..§§@@#
#..§§F##
#..§§§
#.....
######


You could see Psyche (fast, drained), a black bear (drained) and a bullfrog
(drained).

Vanquished Creatures
  Sigmund (D:6)
  An ice beast (D:6)
  A black bear (D:6)
  A phantom (D:4)
  A centaur (D:7)
  2 bullfrogs (D:7)
  A scorpion (D:5)
  A crimson imp (D:5)
  2 hounds
  An orc priest (D:4)
  4 orc wizards
  An iguana (D:5)
  2 worker ants
  2 worker ant zombies (D:5)
  11 gnolls
  5 adders
  A howler monkey skeleton (D:4)
  A worm (D:5)
  A dart slug (D:3)
  A leopard gecko (D:3)
  5 orcs
  6 giant cockroaches
  8 goblins
  4 hobgoblins
  A quokka (D:5)
  3 ball pythons
  A ball python skeleton (D:4)
  6 bats
  A jackal skeleton (D:5)
  8 kobolds
  A quokka zombie (D:5)
  7 rats
92 creatures vanquished.

Notes
Turn   | Place    | Note
-------+----------+-------------------------------------------
     0 | D:1      | ukdrifter the Troll Fighter began the quest for the Orb.
     0 | D:1      | Reached XP level 1. HP: 22/22 MP: 0/0
   255 | D:1      | Reached XP level 2. HP: 29/29 MP: 1/1
   430 | D:2      | Found an opulent altar of Gozag.
   430 | D:2      | Found a shimmering altar of Xom.
   496 | D:2      | Noticed a water elemental
   629 | D:1      | Reached XP level 3. HP: 31/36 MP: 2/2
   739 | D:2      | Found a radiant altar of Vehumet.
  1082 | D:3      | Learned a level 1 spell: Summon Small Mammal
  1143 | D:3      | Reached XP level 4. HP: 44/44 MP: 3/3
  1258 | D:3      | Reached skill level 1 in Short Blades
  1262 | D:3      | Reached XP level 5. HP: 50/53 MP: 4/4
  1465 | D:4      | Reached XP level 6. HP: 61/61 MP: 5/5
  1491 | D:4      | Found a staircase to the Ecumenical Temple.
  1518 | Temple   | Entered the Ecumenical Temple
  1830 | D:5      | Entered Level 5 of the Dungeon
  1867 | D:5      | Found a hazy altar of Hepliaklqana.
  1958 | D:5      | Gained mutation: Your magical capacity is low. (-10% MP)
                  | [potion of mutation]
  1958 | D:5      | Gained mutation: You are resistant to hostile enchantments.
                  | (MR+) [potion of mutation]
  1958 | D:5      | Gained mutation: You have a pair of small horns on your
                  | head. [potion of mutation]
  1970 | D:5      | Reached skill level 1 in Throwing
  1975 | D:5      | Lost mutation: You are resistant to hostile enchantments.
                  | (MR+) [potion of mutation]
  1975 | D:5      | Lost mutation: Your magical capacity is low. (-10% MP)
                  | [potion of mutation]
  1975 | D:5      | Gained mutation: Your body sometimes deteriorates upon
                  | taking damage. [potion of mutation]
  1975 | D:5      | Gained mutation: Your system is resistant to poisons.
                  | (rPois) [potion of mutation]
  2074 | D:4      | Found a glowing silver altar of Zin.
  2421 | D:4      | Reached XP level 7. HP: 67/67 MP: 6/6
  2802 | D:5      | Reached skill level 1 in Stealth
  2967 | D:6      | Noticed Sigmund
  3005 | D:6      | Killed Sigmund
  3047 | D:7      | Reached XP level 8. HP: 72/76 MP: 7/7
  3094 | D:8      | Noticed Psyche
  3109 | D:8      | Slain by a black bear

Illustrated notes

Levels and vault maps discovered:
D:1:      dpeg_arrival_more_subterranean_lakeside_camping, layout_loops_ring
D:2:      layout_basic, led_sif_pool, lemuel_round_altar,
          nicolae_qazlal_style_of_elements, vehumet_crystals,
          gammafunk_temple_overflow_pools, first_ration
D:3:      layout_loops_ring, bloody_trog
D:4:      layout_loops_ring, nicolae_overflow_hidden_temple,
          minmay_temple_entry_steel_oval
D:5:      layout_basic, cheibrodos_sewer_entry_drain, basic_altar,
          nicolae_ossuary_entry_giza, minmay_misc_feat_diagonals,
          kennysheep_donut, nrook_pool_corridor
D:6:      layout_rooms, grunt_dithmenos_shadows, serial_shops,
          nicolae_shop_temple_entry_statues_fountains, uniq_maggie, uniq_sigmund
D:7:      layout_gridville, gammafunk_ghost_split, grunt_livestock,
          lemuel_mausoleum_altar_yredelemnul
D:8:      layout_basic, dpeg_oklobed_lair, special_room [special_room_orc],
          elyvilon_altar_1, uniq_gastronok, uniq_psyche, uniq_erica
Temple:   oiseaux_autumnal_temple

Skill      XL: |  1  2  3  4  5  6  7 |
---------------+----------------------+-----
Polearms       | 2 |  2.1
Shields        | 3 4 |  4.2
Fighting       | 3 |  3.7
Dodging        | 3 4 |  4.4
Short Blades   | 1 2 3 4 |  4.4
Throwing       | 1 |  1.3
Stealth        | 1 |  1.6

Action                   |  1- 3 |  4- 6 |  7- 9 || total
-------------------------+-------+-------+-------++-------
Melee: Trident           |    56 |       |       ||    56
       Dagger            |    80 |   166 |    89 ||   335
       Headbutt          |       |     9 |    28 ||    37
Throw: Javelin           |     2 |    15 |       ||    17
  Use: Potion            |       |    12 |     5 ||    17
       Scroll            |       |     7 |     6 ||    13
 Stab: Sleeping          |       |     5 |     3 ||     8
       Invisible         |       |     3 |       ||     3
  Eat: Chunk             |    13 |     7 |     4 ||    24
       Ration            |     1 |       |       ||     1
Armor: Robe              |    55 |    30 |    39 ||   124
       Skin              |       |     7 |       ||     7
Dodge: Dodged            |    40 |    40 |    40 ||   120
Block: Kite shield       |    67 |    59 |    57 ||   183
